 Dungeon Crawl Stone Soup version 0.17-a0-1910-g4c791fa (webtiles) character file.

132 pk666 the Magician (level 4, -1/24 HPs)
             Began as a Deep Elf Wizard on Sept 26, 2015.
             Killed by divine providence
             ... invoked by an orc priest
              (12 damage)
             ... on level 3 of the Dungeon.
             The game lasted 00:09:56 (3222 turns).

pk666 the Magician (Deep Elf Wizard)                Turns: 3222, Time: 00:09:57

Health: -1/24      AC:  2    Str:  4    XL:     4   Next: 92%
Magic:  13/13      EV: 12    Int: 24    God:
Gold:   186        SH:  0    Dex: 13    Spells: 5 memorised, 2 levels left

rFire  . . .     SeeInvis .     k - +0 dagger
rCold  . . .     Clarity  .     a - +0 robe
rNeg   . . .     SustAt   .     (no shield)
rPois  .         Gourm    .     b - +0 hat
rElec  .         Spirit   .     (no cloak)
rCorr  .         Warding  .     (no gloves)
rMut   .         Stasis   .     (no boots)
MR     .....                    (no amulet)
Stlth  ++++......               y - ring of stealth
                                t - ring of stealth

@: repel missiles, not resistant to hostile enchantments, stealthy
A: no striking features
a: no special abilities


You were on level 3 of the Dungeon.
You were not hungry.

You visited 1 branch of the dungeon, and saw 3 of its levels.

You collected 186 gold pieces.

Inventory:

Hand weapons
 k - a +0 dagger (weapon)
Armour
 a - a +0 robe (worn)
 b - a +0 hat (worn)
Rods
 o - a +0 rod of the swarm (10/10)
   (You found it on level 2 of the Dungeon)
Jewellery
 t - a ring of stealth (left hand)
 y - a ring of stealth (right hand)
Scrolls
 g - 2 scrolls of teleportation {unknown}
 j - 2 scrolls of remove curse {unknown}
 p - a scroll of identify {unknown}
 s - a scroll of enchant weapon {unknown}
 u - 2 scrolls of enchant armour {unknown}
 x - a scroll of random uselessness {unknown}
Potions
 e - 2 potions of lignification {unknown}
 f - a potion of heal wounds {unknown}
 i - 2 potions of degeneration {unknown}
 l - a potion of resistance {unknown}
 m - a potion of mutation {unknown}
 n - 2 potions of curing {unknown}
Books
 c - a book of Minor Magic

   Spells                             Type                      Level
   a - Magic Dart                     Conjuration                  1
   b - Blink                          Translocation                2
   c - Call Imp                       Summoning                    2
   d - Repel Missiles                 Charms/Air                   2
   e - Slow                           Hexes                        2
   f - Conjure Flame                  Conjuration/Fire             3
   g - Mephitic Cloud                 Conjuration/Poison/Air       3
Comestibles
 d - 2 bread rations
 h - 2 meat rations
 q - 3 fruits
 r - a slice of pizza
 v - 4 chunks of flesh
 w - a beef jerky


   Skills:
 - Level 2.4 Dodging
 - Level 2.4 Stealth
 + Level 5.4 Spellcasting
 + Level 3.1 Conjurations
   Level 1.1 Summonings
 - Level 1.1 Translocations
 + Level 1.7 Air Magic
 + Level 2.2 Poison Magic


You had 2 spell levels left.
You knew the following spells:

 Your Spells              Type           Power        Failure   Level  Hunger
d - Conjure Flame         Conj/Fire      ##......     17%         3    ##.....
q - Blink                 Tloc           N/A          12%         2    None
w - Repel Missiles        Chrm/Air       ##....       12%         2    None
x - Mephitic Cloud        Conj/Pois/Air  ###.....     12%         3    ##.....
z - Magic Dart            Conj           ###.         2%          1    None


Dungeon Overview and Level Annotations

Branches:
Dungeon (3/15)

Altars:
Ashenzari
Dithmenos
Trog
Xom
Zin


Message History

You kill the goblin! 2 orcs and an orc priest come into view.
The orc moves out of view.
Found a green potion.
An orc comes into view. It is wielding a hand axe.
There is an open door here.
Casting: Magic Dart
Confirm with . or Enter, or press ? or * to list all spells.
Aiming: Conjure Flame
Press: ? - help, Dir - move target cursor Out of range.
That is beyond the maximum range.
Okay, then.
The orc priest mumbles some strange prayers to Beogh against you.
Something smites you!
Ouch! That really hurt!
The orc priest mumbles some strange prayers to Beogh against you.
Something smites you!
Ouch! That really hurt!
You die...

..###
.....#..............#....#
..+ ....
#.......#+#....#)...# ..#
... #.......#.#....#....#
### ...
#..............#....#
######
#..............####'##
#....#
#.......o..oo.........
#....#
...#..........###.......#
#....# ...#..........#
#...†...o #....#
##....#..@###+## #........
#....#
#...#.#...###+####........
#....#
#...#.###..#.......####...
.....# #...#......#.......#
#!..
....####...#####..#.......#
###
....##....................#
####
....)..#......####).......#
...##
#......##.....##......#....
....#
#.............+..##...#.# #
....#


You could see an orc priest and 2 orcs.

Vanquished Creatures
  8 adders
  3 worms
  2 giant cockroaches
  8 goblins
  8 hobgoblins
  A quokka (D:2)
  A ball python (D:3)
  8 bats
  7 kobolds
  10 rats
56 creatures vanquished.

Notes
Turn   | Place    | Note
--------------------------------------------------------------
     0 | D:1      | pk666 the Deep Elf Wizard began the quest for the Orb.
     0 | D:1      | Reached XP level 1. HP: 10/10 MP: 7/7
   426 | D:1      | Reached XP level 2. HP: 15/15 MP: 7/9
  1095 | D:2      | Found a bloodstained altar of Trog.
  1095 | D:2      | Found a shadowy altar of Dithmenos.
  1095 | D:2      | Found a shattered altar of Ashenzari.
  1097 | D:2      | Found a glowing silver altar of Zin.
  1110 | D:2      | Reached skill level 5 in Spellcasting
  1295 | D:2      | Found a shimmering altar of Xom.
  1490 | D:2      | Reached XP level 3. HP: 19/19 MP: 4/11
  1546 | D:2      | Learned a level 2 spell: Blink
  1549 | D:2      | Learned a level 2 spell: Repel Missiles
  1553 | D:2      | Learned a level 3 spell: Conjure Flame
  1557 | D:2      | Learned a level 3 spell: Mephitic Cloud
  1823 | D:2      | Reached skill level 1 in Poison Magic
  1957 | D:2      | Reached skill level 1 in Air Magic
  2348 | D:2      | Reached XP level 4. HP: 24/24 MP: 9/13
  3222 | D:3      | Killed from afar by an orc priest

Vault maps used:
D:1:      roderic_crossed_star
D:2:      grunt_temple_overflow_open

Action                   |  1- 3 |  4- 6 || total
-------------------------+-------+-------++-------
 Cast: Magic Dart        |    97 |    50 ||   147
       Repel Missiles    |     1 |       ||     1
  Eat: Chunk             |     4 |     3 ||     7
